cohdb
Replays
Latest Replays
All Replays
Popular Replays
Top Player Replays
Match Explorer
How It Works
Community
CoH3 Stats
Reddit
Sign in to upload your games and track your stats! →
Sign in with Steam
Match 41872043
Unlisted
Match 41872043
Overview
Messages
Build Orders
End
Selects Advanced Infantry Battlegroup
Engineer Squad
Construct Barracks
M1 Mortar Team
Construct Weapon Support Center
Construct Medical Station
.30 cal Machine Gun
M1919 Machine Gun Team
Riflemen Squad
Selects Convert to Ranger Squad
Infantry Support Center
Riflemen Squad
Riflemen Squad
Selects Frontline Medical Station
Convert to Ranger Squad
Construct Tank Depot
Reflux
Grand.G
0
0
Comments
sign in to comment!
No comments posted yet!